 Dungeon Crawl Stone Soup version 0.32-a0-699-g1ee5eff69a (webtiles) character file.

Game seed: 3814239159511416673

2798 Melonhead the Blocker (level 10, -3/120 HPs)
             Began as a Formicid Fighter on Mar 13, 2024.
             Succumbed to Erica's bolt of poison
             ... on level 8 of the Dungeon.
             The game lasted 00:11:05 (6300 turns).

Melonhead the Blocker (Formicid Fighter)            Turns: 6300, Time: 00:11:05

Health: -3/120     AC: 25    Str: 36    XL:     10   Next: 2%
Magic:  10/10      EV:  0    Int: 15    God:
Gold:   449        SH:  6    Dex: 15    Spells: 9/9 levels left

rFire   x . .        q - +11 short sword "Juonah" {vamp, rF- Str+8}
rCold   . . .        A - +0 buckler
rNeg    . . .        x - melded +0 chain mail
rPois   +            (helmet unavailable)
rElec   .            y - melded +1 cloak
rCorr   .            (gloves currently unavailable)
SInv    .            r - melded +0 pair of boots
Will    +....        (no amulet)
Stlth   +            i - +6 ring of strength
HPRegen 0.40/turn    k - +6 ring of intelligence
MPRegen 0.12/turn

%: no passive effects
@: lethally poisoned (-3 -> -25), tree-form, constricted
A: stationary, stasis, torment immunity, boosted hp, permanent stasis, dig
shafts and tunnels, (antennae 3), four strong arms
a: no special abilities


You were on level 8 of the Dungeon.
You were a tree.
You visited 2 branches of the dungeon, and saw 9 of its levels.
You also visited: Sewer.

You collected 449 gold pieces.

Inventory:

Hand Weapons
 a - a +1 war axe
 q - the +11 short sword "Juonah" (weapon) {vamp, rF- Str+8}
   (You found it on level 2 of the Dungeon)

   Str+8:     It affects your strength (+8).
   rF-:       It makes you vulnerable to fire.
Missiles
 w - 2 throwing nets
Armour
 b - a +0 scale mail
 r - a +0 pair of boots (melded)
 x - a +0 chain mail (melded)
 y - a +1 cloak (melded)
 A - a +0 buckler (worn)
Jewellery
 i - a +6 ring of strength (left branch)
 k - a +6 ring of intelligence (right branch)
Wands
 c - a wand of quicksilver (3)
Scrolls
 f - a scroll of revelation {@r5}
 n - 4 scrolls of fear
 p - 3 scrolls of identify {@r1}
 z - a scroll of vulnerability {unknown}
 B - a scroll of poison {unknown}
Potions
 d - 2 potions of curing {unknown}
 e - 3 potions of lignification
 g - a potion of brilliance {unknown}
 h - a potion of might {@q3}
 j - 2 potions of degeneration {unknown}
 l - 2 potions of ambrosia {unknown}
 m - a potion of invisibility {unknown}
 o - 3 potions of haste {unknown}
 s - 4 potions of attraction {unknown}
 t - 2 potions of resistance {unknown}
 u - a potion of heal wounds {unknown}
 v - 2 potions of mutation {unknown}


   Skills:
 + Level 8.0 Fighting
 - Level 6.3 Axes
 * Level 6.9 Ranged Weapons
 - Level 3.2 Armour
 + Level 9.3 Shields


You had 9 spell levels left.
You didn't know any spells.
Your spell library contained the following spells:

 Spells                   Type           Power      Damage    Failure   Level
 Slow                     Hex            0%         N/A       28%         1
 Lesser Beckoning         Tloc           0%         N/A       41%         2
 Momentum Strike          Conj/Tloc      0%         3d8       41%         2
 Confusing Touch          Hex            0%         N/A       65%         3
 Vampiric Draining        Necr           0%         2d6       65%         3
 Blink                    Tloc           Unusable   N/A       N/A         2

Dungeon Overview and Level Annotations

Branches:
Dungeon (8/15)             Temple (1/1) D:7           Sewer (visited)
   Lair: D:8-11

Altars:
Ashenzari
Cheibriados
Dithmenos
Elyvilon
Fedhas
Gozag
Hepliaklqana
Makhleb
Nemelex Xobeh
Okawaru
Qazlal
Ru
Sif Muna
Trog
Vehumet
Wu Jian
Xom
Zin
The Shining One

Shops:
D:4 (!(

Annotations:
D:8 Erica


Innate Abilities, Weirdness & Mutations

You are a tree.
Your roots penetrate the ground, keeping you stationary.
You cannot be teleported.
You are immune to unholy pain and torment.
Your maximum health is greatly increased.
Your equipment is partially melded.
You cannot be hasted, slowed, berserked, paralysed or teleported.
You can dig through walls and to a lower floor.
((You have a pair of large antennae on your head. (SInv)))
Your four strong arms can wield two-handed weapons with a shield.


Message History

Erica burns you. Erica constricts you.
You closely miss Erica.
Erica is severely wounded.
Erica stares at you and mumbles some strange words.
The bolt of poison hits you!
You are poisoned.
Erica constricts you.
You closely miss Erica.
Erica is severely wounded.
You feel very sick.
Erica stares at you and mumbles some strange words.
The bolt of poison hits you!!
You are more poisoned.
* * * LOW HITPOINT WARNING * * *
Erica constricts you.
* * * LOW HITPOINT WARNING * * *
You puncture Erica!
You feel better.
Erica is almost dead.
* * * LOW HITPOINT WARNING * * *
You feel extremely sick. You block Erica's attack. Erica constricts you.
Unknown command.
Aiming: Quicksilver Bolt
Press: ? - help, Q - select action, (/) - cycle Shift-Dir - straight line, f - Erica
Aim: Erica, wielding a +4 scimitar of flaming and wearing a ring of magical power (almost dead, constricting you, 60% to hit)
The bolt of dispelling energy misses Erica.
* * * LOW HITPOINT WARNING * * *
You feel extremely sick.
Erica hits you with a +4 scimitar of flaming.
* * * LOW HITPOINT WARNING * * *
Erica burns you.
* * * LOW HITPOINT WARNING * * *
Erica constricts you.
* * * LOW HITPOINT WARNING * * *
It was a potion of lignification.
You turn into a tree.
Your +1 cloak melds into your body.
Your +0 pair of boots melds into your body.
Your +0 chain mail melds into your body.
Your roots penetrate the ground.
You die...

###+# #....#####
#.....<..# #.....†..#
#........# #........+
#........########
#...........†....#
#.........♣x.....#
#.)..............#
.......[........#####
....#####'#####....#
#+###.........#....####
#.........'.........
#.........#.#########
#+######..#.#........
####.'⌠......⌠


You could see Erica.

Vanquished Creatures
  A hornet (D:7)
  A wraith (D:8)
  2 sky beasts
  An ogre (D:3)
  A crocodile (Sewer)
  A centaur (D:7)
  A phantom (D:5)
  A brain worm (Sewer)
  3 bullfrogs
  A scorpion (D:7)
  4 wights
  3 howler monkeys (D:3)
  2 bombardier beetles
  5 hounds
  2 jellies
  4 orc priests
  2 gnoll boudas
  5 sleepcaps (D:7)
  5 iguanas
  5 orc wizards
  9 adders
  25 gnolls
  2 ufetubi (D:5)
  A dart slug (D:4)
  2 ribbon worms (D:2)
  28 orcs
  8 ball pythons
  12 bats
  10 endoplasms
  6 giant cockroaches
  4 goblins
  9 hobgoblins
  14 jackals (D:3)
  9 kobolds
  2 quokkas
  5 frilled lizards
  9 rats
205 creatures vanquished.

Notes
Turn   | Place    | Note
-------+----------+-------------------------------------------
     0 | D:1      | Melonhead the Formicid Fighter began the quest for the Orb.
     0 | D:1      | Reached XP level 1. HP: 18/18 MP: 1/1
    92 | D:1      | Reached XP level 2. HP: 20/24 MP: 2/2
   248 | D:1      | Reached XP level 3. HP: 29/29 MP: 3/3
   532 | D:2      | Reached XP level 4. HP: 37/37 MP: 4/4
   690 | D:2      | Identified the +11 short sword "Juonah" {vamp, rF- Str+8}
  1021 | D:3      | Found a glowing drain.
  1038 | Sewer    | Entered a sewer
  1044 | Sewer    | Reached XP level 5. HP: 42/42 MP: 5/5
  1055 | Sewer    | Noticed a brain worm
  1066 | Sewer    | Killed a brain worm
  1067 | Sewer    | Reached skill level 5 in Shields
  1069 | Sewer    | Noticed a crocodile
  1079 | Sewer    | Killed a crocodile
  1080 | Sewer    | Reached XP level 6. HP: 24/49 MP: 4/6
  2034 | D:3      | Reached skill level 5 in Axes
  2053 | D:3      | Reached skill level 5 in Fighting
  2053 | D:3      | Reached XP level 7. HP: 56/56 MP: 7/7
  2158 | D:3      | Reached skill level 6 in Shields
  2370 | D:3      | Reached XP level 8. HP: 63/63 MP: 8/8
  2673 | D:4      | Found Siti's Antique Weapon Shoppe.
  2876 | D:4      | Found Vyduz's Weapon Boutique.
  2986 | D:4      | Reached skill level 1 in Ranged Weapons
  3315 | D:4      | Found Nygibol's Distillery.
  3419 | D:5      | Entered Level 5 of the Dungeon
  3534 | D:5      | Reached skill level 7 in Shields
  4476 | D:6      | Reached XP level 9. HP: 59/67 MP: 9/9
  4597 | D:6      | Reached skill level 8 in Shields
  5126 | D:7      | Reached skill level 5 in Ranged Weapons
  5457 | D:7      | Found a staircase to the Ecumenical Temple.
  5950 | Temple   | Entered the Ecumenical Temple
  5994 | D:8      | Noticed a hornet
  6004 | D:7      | Killed a hornet
  6005 | D:7      | Reached skill level 9 in Shields
  6264 | D:8      | Found an ornate altar of the Wu Jian Council.
  6264 | D:8      | Found a hazy altar of Hepliaklqana.
  6275 | D:8      | Noticed Erica
  6291 | D:8      | Reached XP level 10. HP: 78/80 MP: 10/10
  6299 | D:8      | HP: 4/80 [Erica/+4 scimitar of flaming (1)]
  6300 | D:8      | Succumbed to Erica's bolt of poison

Illustrated notes

Levels and vault maps discovered:
D:1:      minmay_arrival_four_houses, layout_basic
D:2:      layout_basic, chequers_serial_rivers_micro_d
D:3:      lemuel_castle_with_subvaults [lemuel_castle_interior_carwin_1],
          layout_basic, portal_sewer_entry_a, kennysheep_generic_room_9
D:4:      layout_loops_ring, serial_shops, nicolae_shop_bloodbath_and_beyond,
          shop, shop, st_stairs_4
D:5:      layout_loops_ring
D:6:      layout_rooms, chequers_serial_rivers_large_a, minmay_statues_item
D:7:      layout_basic, temple_doors_e, grunt_ministairs_15, hellmonk_no_cap
D:8:      layout_gridville, jmf_multi_god_temple,
          nicolae_overflow_two_pavilions, uniq_erica
Temple:   bh_familiar_temple

Skill      XL: |  1  2  3  4  5  6  7  8  9 |
---------------+----------------------------+-----
Axes           | 3 4 5 6 |  6.3
Fighting       | 4 5 6 8 |  8.0
Shields        | 5 6 7 9 |  9.3
Ranged Weapons | 3 6 |  6.9
Armour         | |  3.2

Action                     |  1- 3 |  4- 6 |  7- 9 | 10-12 || total
---------------------------+-------+-------+-------+-------++-------
  Melee: War axe           |    52 |    25 |       |       ||    77
         Short sword       |       |   119 |   392 |     8 ||   519
  Evoke: Wand              |       |       |     3 |     1 ||     4
    Use: Potion            |       |     1 |       |     1 ||     2
         Scroll            |       |       |     9 |       ||     9
 Armour: Scale mail        |    43 |    96 |    43 |       ||   182
         Chain mail        |       |       |   173 |    15 ||   188
  Dodge: Dodged            |    16 |    70 |   141 |       ||   227
  Block: Buckler           |     6 |    35 |    96 |     3 ||   140

Table legend: (Time is in decaauts)
 A = Elapsed time spent in this place.
 B = Non-inter-level travel time spent in this place.
 C = Inter-level travel time spent in this place.
 D = Time resting spent in this place.
 E = Time spent auto-exploring this place.
 F = Levels seen in this place.
 G = Mean time per level.
                   A        B        C        D        E       F      G
               +--------+--------+--------+--------+--------+-----+--------+
         Total |   6350 |   5942 |    408 |    555 |   4067 |  10 |  635.0 |
       Dungeon |   6179 |   5773 |    406 |    555 |   3943 |   8 |  772.4 |
        Temple |      1 |      0 |      1 |      0 |      0 |   1 |    1.0 |
         Sewer |    168 |    168 |      0 |      0 |    124 |   1 |  168.0 |
               +--------+--------+--------+--------+--------+-----+--------+

Top non-repeatable levels by time:
     D:3: 1495 daAuts
     D:7: 1276 daAuts
     D:5: 882 daAuts
     D:4: 745 daAuts
     D:6: 636 daAuts
     D:1: 525 daAuts
     D:2: 523 daAuts
   Sewer: 168 daAuts
     D:8: 94 daAuts
  Temple: 1 daAuts
